 Dungeon Crawl Stone Soup version 0.26.1-10-gdfb7c7de75 (webtiles) character file.

Game seed: 18184424295079584876

3357 tardwrangler69 the Cleaver (level 9, -6/81 HPs)
             Began as a Minotaur Fighter on Apr 3, 2021.
             Mangled by a water moccasin (8 damage)
             ... on level 6 of the Dungeon.
             The game lasted 00:06:01 (6353 turns).

tardwrangler69 the Cleaver (Minotaur Fighter)       Turns: 6353, Time: 00:06:01

Health: -6/81      AC: 11    Str: 25    XL:     9   Next: 73%
Magic:  8/8        EV: 10    Int:  5    God:
Gold:   425        SH: 10    Dex:  9    Spells: 8/8 levels left

rFire    x . .     SeeInvis .   m - +0 war axe (vorpal)
rCold    + . .     Faith    .   c - +1 kite shield
rNeg     . . .     Spirit   .   b - +0 scale mail
rPois    .         Reflect  .   (helmet restricted)
rElec    .         Harm     .   s - +0 cloak
rCorr    +         Rampage  .   I - +0 pair of gloves
Will     .....                  (no boots)
Stlth    ..........             (no amulet)
HPRegen  0.23/turn              l - ring of resist corrosion
MPRegen  0.11/turn              A - ring of ice

@: lethally poisoned (-6 -> -8)
A: retaliatory headbutt, horns 2
a: no special abilities


You were on level 6 of the Dungeon.
You visited 1 branch of the dungeon, and saw 7 of its levels.
You also visited: Ossuary.

You collected 425 gold pieces.

Inventory:

Hand Weapons
 a - a +1 war axe
 m - a +0 vorpal war axe (weapon)
Armour
 b - a +0 scale mail (worn)
 c - a +1 kite shield (worn)
 s - a +0 cloak (worn)
 I - a +0 pair of gloves (worn)
Jewellery
 l - a ring of resist corrosion (left hand)
 q - an uncursed ring of fire
 A - a ring of ice (right hand)
Wands
 g - a wand of flame (16)
 p - a wand of random effects (39)
 D - a wand of paralysis (6)
 H - a wand of polymorph (14)
Scrolls
 e - 2 scrolls of amnesia
 f - 9 scrolls of identify
 i - 5 scrolls of teleportation
 o - 2 scrolls of enchant weapon
 v - a scroll of fog
 y - a scroll of enchant armour
 z - a scroll of blinking
 B - a scroll of immolation {unknown}
 C - 2 scrolls of remove curse
 E - a scroll of silence {unknown}
 F - a scroll of magic mapping
 G - a scroll of fear {unknown}
Potions
 d - 4 potions of might
 h - a potion of attraction {unknown}
 j - 5 potions of magic
 k - 2 potions of flight {unknown}
 n - 3 potions of heal wounds {unknown}
 r - 2 potions of invisibility {unknown}
 t - 4 potions of brilliance {unknown}
 u - a potion of degeneration {unknown}
 w - a potion of lignification {unknown}
 x - 9 potions of curing {unknown}


   Skills:
 + Level 8.2 Fighting
 * Level 10.6 Axes
 + Level 8.3 Armour
 + Level 6.6 Dodging
 - Level 3.6 Shields


You had 8 spell levels left.
You didn't know any spells.
Your spell library contained the following spells:

 Spells                   Type           Power        Failure   Level
 Corona                   Hex            0%           99%         1
 Slow                     Hex            0%           100%        2
 Confusing Touch          Hex            0%           100%        3
 Gell's Gravitas          Tloc           0%           100%        3
 Inner Flame              Hex/Fire       0%           100%        3
 Portal Projectile        Hex/Tloc       0%           100%        3
 Cause Fear               Hex            0%           100%        4
 Leda's Liquefaction      Hex/Erth       0%           100%        4
 Petrify                  Tmut/Erth      0%           100%        4
 Metabolic Englaciation   Hex/Ice        0%           100%        5
 Yara's Violent Unravell  Hex/Tmut       0%           100%        5


Dungeon Overview and Level Annotations

Branches:
Dungeon (7/15)            Ossuary (visited)
 Temple: D:4-7

Altars:
Ashenzari
Kikubaaqudgha
Nemelex Xobeh
Sif Muna
Xom

Portals:
Abyss: D:4

Annotations:
D:4 2 transporters, Morgon's ghost, amateur PaAK


Innate Abilities, Weirdness & Mutations

You reflexively headbutt those who attack you in melee.
You have a pair of horns on your head.


Message History

You destroy the wight!
You closely miss the water moccasin. You barely miss the black bear.
You feel sick.
The black bear bites you but does no damage.
You block the black bear's attack.
The black bear claws you but does no damage.
The water moccasin barely misses you. You furiously retaliate!
You headbutt the water moccasin.
Your life force feels restored.
You slash the water moccasin!
Your headbutt misses the water moccasin.
The water moccasin is almost dead.
You closely miss the black bear.
You feel sick. The black bear bites you.
* * * LOW HITPOINT WARNING * * *
You block the black bear's attack. The black bear claws you.
* * * LOW HITPOINT WARNING * * *
You block the water moccasin's attack. The black bear closely misses you.
You furiously retaliate!
You headbutt the black bear.
The black bear closely misses you. x2; The water moccasin bites you!
You die...

...# ...# ...# #..########
#.........# # #.#....^..# #
#.#.......# ###
.)........#####################..
..#............#@S..............#
..#.......####.h)##############.#
..#############.## ##.# .##
#####.(...## #..# .#
###<....###:>### ###..#
.#####...##### ##...# ##....#
.......### ###.# #####..##.#
#.####### #.# #.....###.#
........# ###.###.#######.#


You could see a water moccasin and a black bear (berserk).

Vanquished Creatures
  Pikel (D:5)
  Grinder (D:5)
  Sigmund (D:3)
  Eustachio (D:5)
  An ice beast (D:5)
  An orc warrior (D:6)
  3 sky beasts
  An ogre (D:4)
  A centaur (D:6)
  4 lemures (D:5)
  Blork the orc (D:5)
  3 bullfrogs (D:4)
  10 scorpions
  2 wights
  A howler monkey (D:4)
  A bullfrog zombie (D:6)
  3 centaur zombies (Ossuary)
  2 hounds (D:5)
  A human zombie (Ossuary)
  An orc wizard (D:6)
  2 orc priests (D:6)
  Jessica (D:3)
  An iguana (D:5)
  Ijyb (D:4)
  6 worker ants
  2 big kobold zombies (Ossuary)
  A hound skeleton (D:4)
  3 mummies (Ossuary)
  7 gnolls
  6 adders
  3 scorpion zombies (Ossuary)
  2 oozes (D:1)
  3 adder skeletons
  4 worms
  2 dart slugs
  5 orcs
  3 ball pythons
  3 giant cockroaches
  11 hobgoblins
  17 jackals
  A quokka (D:6)
  11 bats
  3 frilled lizards
  2 gnoll zombies (Ossuary)
  9 goblins
  A goblin zombie (Ossuary)
  2 hobgoblin zombies
  8 kobolds
  3 orc zombies (Ossuary)
  12 rats
175 creatures vanquished.

Notes
Turn   | Place    | Note
-------+----------+-------------------------------------------
     0 | D:1      | tardwrangler69 the Minotaur Fighter began the quest for the
                  | Orb.
     0 | D:1      | Reached XP level 1. HP: 19/19 MP: 0/0
   191 | D:1      | Reached XP level 2. HP: 26/27 MP: 1/1
   230 | D:1      | Reached skill level 3 in Axes
   265 | D:1      | Reached skill level 1 in Dodging
   307 | D:1      | Reached XP level 3. HP: 32/33 MP: 2/2
  1116 | D:2      | Reached XP level 4. HP: 13/40 MP: 3/3
  1123 | D:2      | Reached skill level 4 in Axes
  1728 | D:2      | Found a shimmering blue altar of Sif Muna.
  1839 | D:3      | Noticed Jessica
  1842 | D:3      | Noticed Sigmund
  1853 | D:3      | Killed Jessica
  1854 | D:3      | Reached XP level 5. HP: 26/47 MP: 4/4
  2142 | D:3      | Killed Sigmund
  2143 | D:3      | Reached skill level 5 in Axes
  2143 | D:3      | Reached XP level 6. HP: 48/55 MP: 5/5
  2229 | D:3      | Reached skill level 5 in Fighting
  2229 | D:3      | Reached skill level 5 in Armour
  2806 | D:3      | Found a shimmering altar of Xom.
  3104 | D:4      | Found a sand-covered staircase.
  3137 | Ossuary  | Entered an ossuary
  3204 | Ossuary  | Reached skill level 6 in Axes
  3204 | Ossuary  | Reached XP level 7. HP: 52/61 MP: 6/6
  3416 | Ossuary  | Reached skill level 7 in Axes
  3598 | Ossuary  | Reached XP level 8. HP: 70/70 MP: 7/7
  3779 | D:4      | Noticed Ijyb
  3784 | D:4      | Killed Ijyb
  3838 | D:4      | Reached skill level 8 in Axes
  3968 | D:4      | Found a transporter.
  4034 | D:4      | Reached skill level 5 in Dodging
  4279 | D:4      | Found a transporter.
  4292 | D:4      | Noticed a toenail golem
  4302 | D:4      | Identified the +9 whip "Hydrabane" {distort, *Corrode rF+
                  | rC+ Str+2}
  4338 | D:4      | Found a one-way gate to the infinite horrors of the Abyss.
  4338 | D:4      | Noticed Morgon's ghost (amateur PaAK)
  4441 | D:5      | Entered Level 5 of the Dungeon
  4444 | D:5      | Noticed Grinder
  4451 | D:5      | Paralysed by Grinder for 6 turns
  4464 | D:5      | Killed Grinder
  4509 | D:5      | Reached skill level 9 in Axes
  4711 | D:5      | Noticed Eustachio
  4720 | D:5      | Killed Eustachio
  4721 | D:5      | Reached XP level 9. HP: 79/79 MP: 8/8
  4837 | D:5      | Noticed Pikel
  4849 | D:5      | Noticed Blork the orc
  4854 | D:5      | Killed Pikel
  4856 | D:5      | Killed Blork the orc
  4857 | D:5      | Reached skill level 10 in Axes
  5221 | D:5      | Found a sparkling altar of Nemelex Xobeh.
  5282 | D:5      | Found a shimmering blue altar of Sif Muna.
  5633 | D:6      | Found an ancient bone altar of Kikubaaqudgha.
  5920 | D:6      | Found a broken altar of Ashenzari.
  6353 | D:6      | HP: 2/81 [black bear (4)]
  6353 | D:6      | Mangled by a water moccasin

Illustrated notes

Levels and vault maps discovered:
D:1:      amcnicky_arrival_blooded_trapdoor, layout_loops_ring, minivault_25
D:2:      layout_rooms, lemuel_round_altar, minmay_misc_feat_iff,
          minmay_increasing_density
D:3:      layout_loops_ring, xom_butterflies, portal_sewer_entry_d,
          uniq_jessica, uniq_sigmund
D:4:      layout_loops_ring, enter_ossuary_3, gammafunk_ghost_abyssal_escape,
          uniq_ijyb
D:5:      layout_loops_ring, basic_altar, minmay_misc_feat_nine_boxes,
          hangedman_decor_diamond_cutter, tgw_sif, uniq_grinder, uniq_eustachio,
          uniq_pikel, uniq_blork_the_orc
D:6:      layout_rooms, lemuel_round_altar, basic_altar, minivault_24
D:7:      layout_basic, lemuel_coloured_pillars_altar, dancing_weapons_uskayaw,
          minmay_temple_entry_mist

Skill      XL: |  1  2  3  4  5  6  7  8  9 |
---------------+----------------------------+-----
Axes           | 3 4 5 6 7 9 10 | 10.6
Dodging        | 1 2 3 4 5 6 |  6.6
Fighting       | 4 5 6 7 8 |  8.2
Armour         | 4 5 6 7 8 |  8.3
Shields        | |  3.6

Action                   |  1- 3 |  4- 6 |  7- 9 || total
-------------------------+-------+-------+-------++-------
Melee: War axe           |   117 |   190 |   254 ||   561
       Headbutt          |    16 |    20 |    49 ||    85
  Use: Scroll            |     4 |     5 |     2 ||    11
Armor: Scale mail        |    52 |    79 |    80 ||   211
Dodge: Dodged            |    54 |    74 |    72 ||   200
Block: Kite shield       |    67 |   125 |   134 ||   326
